Map: [ESL] Data-C

Players

trigger

  • Race: Protoss Protoss
  • Spawn Location: 9:00

Scarlett - Winner!

  • Race: Zerg Zerg
  • Spawn Location: 3:00

Event: DreamHack SC2 Masters 2022 Atlanta (Online)

VOD

Have the link to the VOD?

Description

Time

  • Played on: Oct. 15, 2022, 3:26 p.m.
  • Length: 4:50

All games in this series

Show
View Real Time Build Order
Export as new Build Order

trigger Protoss 

Build Orders: 1 Gate Expand, Oracle Opening 

Get SALT Encoding   

  12  0:00  Probe  
  13  0:12  Probe  
  14  0:19  Pylon  
  14  0:24  Probe  
  14  0:27  Assimilator  
  15  0:37  Probe (Chrono Boost)  
  16  0:43  Gateway  
  16  0:47  Probe (Chrono Boost)  
  17  0:52  Probe  
  18  1:04  Probe  
  19  1:17  Probe  
  20  1:23  Nexus  
  20  1:33  Cybernetics Core  
  20  1:38  Assimilator  
  20  1:44  Pylon  
  20  1:47  Probe (Chrono Boost)  
  21  1:56  Probe (Chrono Boost)  
  22  2:01  Probe (Chrono Boost)  
  23  2:10  Stalker  
  23  2:12  Warp Gate  
  23  2:13  Probe (Chrono Boost)  
  27  2:23  Probe (Chrono Boost), Stargate  
  27  2:29  Probe (Chrono Boost)  
  27  2:35  Probe (Chrono Boost)  
  29  2:40  Adept  
  33  2:44  Probe x2 (Chrono Boost)  
  33  2:49  Probe (Chrono Boost)  
  33  2:52  Probe  
  33  2:56  Gateway  
  35  3:01  Probe  
  35  3:03  Oracle (Chrono Boost)  
  35  3:04  Probe  
  40  3:13  Probe  
  40  3:16  Probe, Pylon  
  42  3:26  Probe  
  43  3:28  Probe  
  43  3:31  Oracle (Chrono Boost)  
  47  3:38  Probe  
  47  3:41  Nexus  
  48  3:44  Pylon  
  48  3:47  Probe  
  49  3:50  Probe  
  49  3:53  Assimilator  
  50  3:59  Probe  
  50  4:02  Adept, Probe  
  52  4:05  Assimilator  
  52  4:06  Pylon  
  54  4:11  Probe  
  54  4:15  Adept  
  57  4:31  Shield Battery  
  56  4:33  Shield Battery  
  56  4:36  Pylon  
Show
View Real Time Build Order
Export as new Build Order

Scarlett Zerg - Winner!

Build Orders: Hatch First 

Get SALT Encoding   

  12  0:00  Drone  
  13  0:12  Overlord  
  13  0:17  Drone  
  14  0:30  Drone  
  14  0:31  Drone  
  16  0:47  Hatchery  
  15  0:51  Drone  
  15  0:55  Drone  
  17  0:58  Drone  
  18  1:09  Extractor  
  17  1:13  Spawning Pool  
  17  1:17  Drone  
  17  1:20  Drone  
  18  1:27  Drone  
  19  1:38  Drone  
  20  1:49  Drone  
  21  2:00  Queen x2  
  25  2:01  Drone  
  25  2:02  Overlord  
  26  2:12  Metabolic Boost  
  26  2:14  Drone x2  
  28  2:24  Drone x2  
  30  2:31  Roach Warren  
  30  2:34  Drone x2  
  31  2:46  Overlord  
  31  2:47  Overlord  
  31  3:02  Overlord  
  31  3:10  Roach x5  
  31  3:12  Roach  
  43  3:13  Zergling x6  
  46  3:20  Zergling x2  
  46  3:22  Zergling x2  
  48  3:30  Zergling x2  
  48  3:33  Zergling x2  
  50  3:39  Overlord  
  50  3:40  Zergling x10  
  55  3:42  Zergling x2  
  55  3:44  Ravager  
  55  3:46  Zergling x2  
  58  3:52  Zergling x2  
  59  3:59  Zergling x2  
  60  4:08  Zergling x4  
  60  4:14  Zergling x10, Hatchery  
  61  4:24  Zergling x6  
  61  4:30  Zergling x2  
Tags
 
Add a new tag
Caveats
  • Supply blocks, unpowered buildings, or Contaminate may cause inaccurate times.
  • Supply counts are checked every 10 seconds.